| TOP OF THE 1ST |
|
San Juan Pitorros batting - Pitching for Punta Cana Cocos : RHP David Froelich
|
|
Pitching: RHP David Froelich
|
|
|
Batting: LHB Mike Woodard
|
0-0: SINGLE (Groundball, 34D, EV 103.8 MPH)
|
|
Batting: RHB Rafael Ramirez
|
0-0: Ball 1-0: Called Strike 1-1: Called Strike 1-2: Ball 2-2: Foul Ball, location: 2F 2-2: Strikes out swinging Mike Woodard is caught stealing 2nd base 2-4 Batter strikes out.
|
|
Batting: RHB Mike A Marshall
|
0-0: Called Strike 0-1: Foul Ball, location: 2F 0-2: Strikes out swinging
|
| Top of the 1st over - 0 runs, 1 hit, 0 errors, 0 left on base; San Juan 0 - Punta Cana 0 |
| BOTTOM OF THE 1ST |
|
Punta Cana Cocos batting - Pitching for San Juan Pitorros : RHP Lee Smith
|
|
Pitching: RHP Lee Smith
|
|
|
Batting: LHB Dan Murphy
|
0-0: Ball 1-0: Called Strike 1-1: Ball 2-1: Called Strike 2-2: Ball 3-2: Base on Balls
|
|
Batting: RHB Ed Saavedra
|
0-0: Ball 1-0: Foul Ball, location: 2F 1-1: Ball 2-1: Swinging Strike 2-2: Strikes out swinging
|
|
Batting: RHB Tom Tostenson
|
0-0: Ball 1-0: Ball 2-0: Ball 3-0: Reached on error, E9 (Line Drive, 9, EV 86.9 MPH) Dan Murphy to third
|
|
Batting: RHB Kevin Jacobson
|
0-0: SINGLE (Groundball, 34D, EV 96.3 MPH) Dan Murphy scores Tom Tostenson to third Runner from 3rd tries for Home, SAFE, throw by RF to home
|
|
Batting: LHB Dan Williams
|
0-0: Called Strike 0-1: Called Strike 0-2: Ball 1-2: Strikes out swinging
|
|
Batting: RHB Jerry Poston
|
0-0: Ball 1-0: Foul Ball, location: 2F 1-1: Ball 2-1: Swinging Strike 2-2: Foul Ball, location: 2F 2-2: Ball 3-2: Base on Balls Kevin Jacobson to second
|
|
Batting: RHB Jose Flores
|
0-0: Swinging Strike 0-1: Ball 1-1: Ball 2-1: Called Strike 2-2: Foul Ball, location: 2F 2-2: Ball 3-2: Foul Ball, location: 2F 3-2: Base on Balls Kevin Jacobson to third Jerry Poston to second
|
|
Batting: RHB Andreas Schardt
|
0-0: Ball 1-0: Ball 2-0: Ball 3-0: Base on Balls Kevin Jacobson scores Jerry Poston to third Jose Flores to second
|
|
Batting: RHB Douglas Stokke
|
0-0: Ball 1-0: Foul Ball, location: 2F 1-1: Foul Ball, location: 2F 1-2: Fly out, F7 (Line Drive, 7D, EV 106.3 MPH)
|
| Bottom of the 1st over - 3 runs, 1 hit, 1 error, 3 left on base; San Juan 0 - Punta Cana 3 |
| TOP OF THE 2ND |
|
San Juan Pitorros batting - Pitching for Punta Cana Cocos : RHP David Froelich
|
|
Batting: RHB Robert Gilles
|
0-0: Ball 1-0: Ball 2-0: Ball 3-0: Called Strike 3-1: Swinging Strike 3-2: Strikes out swinging
|
|
Batting: SHB Kevin King
|
0-0: SINGLE (Flyball, 78S, EV 91.9 MPH)
|
|
Batting: RHB Brian Harper
|
0-0: Called Strike 0-1: Ball 1-1: Swinging Strike 1-2: Ball Kevin King is caught stealing 2nd base 2-4 2-2: Foul Ball, location: 2F 2-2: Ball 3-2: Strikes out swinging
|
| Top of the 2nd over - 0 runs, 1 hit, 0 errors, 0 left on base; San Juan 0 - Punta Cana 3 |
| BOTTOM OF THE 2ND |
|
Punta Cana Cocos batting - Pitching for San Juan Pitorros : RHP Lee Smith
|
|
Batting: LHB Dan Murphy
|
0-0: Called Strike 0-1: Foul Ball, location: 2F 0-2: Foul Ball, location: 2F 0-2: Ball 1-2: Foul Ball, location: 2F 1-2: Ball 2-2: Ball 3-2: Foul Ball, location: 2F 3-2: Ground out 6-3 (Groundball, 6, EV 83.8 MPH)
|
|
Batting: RHB Ed Saavedra
|
0-0: Ball 1-0: Called Strike 1-1: Foul Ball, location: 2F 1-2: Foul Ball, location: 2F 1-2: Strikes out swinging
|
|
Batting: RHB Tom Tostenson
|
0-0: Called Strike 0-1: Ball 1-1: Ball 2-1: Fly out, F8 (Line Drive, 8RD, EV 89.4 MPH)
|
| Bottom of the 2nd over - 0 runs, 0 hits, 0 errors, 0 left on base; San Juan 0 - Punta Cana 3 |
| TOP OF THE 3RD |
|
San Juan Pitorros batting - Pitching for Punta Cana Cocos : RHP David Froelich
|
|
Batting: RHB George Hinshaw
|
0-0: Foul Ball, location: 2F 0-1: Ball 1-1: Ball 2-1: Called Strike 2-2: Foul Ball, location: 2F 2-2: Fly out, F8 (Flyball, 8LM, EV 95.6 MPH)
|
|
Batting: RHB Chris Brown
|
0-0: Ball 1-0: Swinging Strike 1-1: Fly out, F7 (Flyball, 7, EV 92.5 MPH)
|
|
Batting: LHB Alex Campos
|
0-0: Swinging Strike 0-1: Fly out, F4 (Popup, 4, EV 65.6 MPH)
|
| Top of the 3rd over - 0 runs, 0 hits, 0 errors, 0 left on base; San Juan 0 - Punta Cana 3 |
| BOTTOM OF THE 3RD |
|
Punta Cana Cocos batting - Pitching for San Juan Pitorros : RHP Lee Smith
|
|
Batting: RHB Kevin Jacobson
|
0-0: SINGLE (Groundball, 34D, EV 98.1 MPH)
|
|
Batting: LHB Dan Williams
|
0-0: Fly out, F8 (Line Drive, 8LM, EV 93.1 MPH)
|
|
Batting: RHB Jerry Poston
|
0-0: Ball 1-0: Ball 2-0: Ball 3-0: Foul Ball, location: 2F 3-1: Base on Balls Kevin Jacobson to second
|
|
Batting: RHB Jose Flores
|
0-0: Called Strike 0-1: Called Strike 0-2: Ball 1-2: Strikes out looking and he ARGUES THE CALL AND IS TOSSED!
|
|
Batting: RHB Andreas Schardt
|
0-0: Called Strike 0-1: Ball 1-1: Foul Ball, location: 2F 1-2: Fly out, F9 (Flyball, 89D, EV 77.5 MPH)
|
| Bottom of the 3rd over - 0 runs, 1 hit, 0 errors, 2 left on base; San Juan 0 - Punta Cana 3 |
| TOP OF THE 4TH |
|
San Juan Pitorros batting - Pitching for Punta Cana Cocos : RHP David Froelich
|
|
Now at 2B: Daniel Smith
|
|
|
Batting: LHB Mike Woodard
|
0-0: Ball 1-0: Foul Ball, location: 2F 1-1: Foul Ball, location: 2F 1-2: Strikes out swinging
|
|
Batting: RHB Rafael Ramirez
|
0-0: Called Strike 0-1: Swinging Strike 0-2: Fly out, F4 (Popup, 34S, EV 85.6 MPH)
|
|
Batting: RHB Mike A Marshall
|
0-0: Called Strike 0-1: Foul Ball, location: 2F 0-2: SOLO HOME RUN (Flyball, 7LD, EV 92.5 MPH), Distance : 365 ft
|
|
Batting: RHB Robert Gilles
|
0-0: Called Strike 0-1: Ball 1-1: Ball 2-1: Foul Ball, location: 2F 2-2: Strikes out swinging
|
| Top of the 4th over - 1 run, 1 hit, 0 errors, 0 left on base; San Juan 1 - Punta Cana 3 |
| BOTTOM OF THE 4TH |
|
Punta Cana Cocos batting - Pitching for San Juan Pitorros : RHP Lee Smith
|
|
Batting: RHB Douglas Stokke
|
0-0: Called Strike 0-1: Ball 1-1: Called Strike 1-2: Strikes out swinging
|
|
Batting: LHB Dan Murphy
|
0-0: Ball 1-0: Called Strike 1-1: Ball 2-1: Ball 3-1: Called Strike 3-2: Fly out, F8 (Flyball, 89XD, EV 108.1 MPH)
|
|
Batting: RHB Ed Saavedra
|
0-0: Ball 1-0: Ground out 4-3 (Groundball, 4S, EV 83.1 MPH)
|
| Bottom of the 4th over - 0 runs, 0 hits, 0 errors, 0 left on base; San Juan 1 - Punta Cana 3 |
| TOP OF THE 5TH |
|
San Juan Pitorros batting - Pitching for Punta Cana Cocos : RHP David Froelich
|
|
Batting: SHB Kevin King
|
0-0: Foul Ball, location: 2F 0-1: Swinging Strike 0-2: Ball 1-2: Fly out, F2 (Popup, 13S, EV 79.4 MPH)
|
|
Batting: RHB Brian Harper
|
0-0: Called Strike 0-1: Ball 1-1: Foul Ball, location: 2F 1-2: SINGLE (Line Drive, 8LS, EV 98.8 MPH)
|
|
Batting: RHB George Hinshaw
|
0-0: SINGLE (Groundball, 34D, EV 104.4 MPH) Brian Harper to second Runner from 2nd tries for 3rd, SAFE, throw by RF made to third
|
|
Batting: RHB Chris Brown
|
0-0: Called Strike 0-1: Ball 1-1: Foul Ball, location: 2F 1-2: Ball 2-2: Ball 3-2: Strikes out swinging
|
|
Batting: LHB Alex Campos
|
0-0: Foul Ball, location: 2F 0-1: Fly out, F9 (Flyball, 9LSF, EV 83.1 MPH)
|
| Top of the 5th over - 0 runs, 2 hits, 0 errors, 2 left on base; San Juan 1 - Punta Cana 3 |
| BOTTOM OF THE 5TH |
|
Punta Cana Cocos batting - Pitching for San Juan Pitorros : RHP Lee Smith
|
|
Batting: RHB Tom Tostenson
|
0-0: Called Strike 0-1: Ground out 5-3 (Groundball, 56, EV 89.4 MPH)
|
|
Batting: RHB Kevin Jacobson
|
0-0: Swinging Strike 0-1: Ground out 5-3 (Groundball, 56S, EV 92.5 MPH)
|
|
Batting: LHB Dan Williams
|
0-0: Ball 1-0: Ball 2-0: Swinging Strike 2-1: Swinging Strike 2-2: Strikes out swinging
|
| Bottom of the 5th over - 0 runs, 0 hits, 0 errors, 0 left on base; San Juan 1 - Punta Cana 3 |
| TOP OF THE 6TH |
|
San Juan Pitorros batting - Pitching for Punta Cana Cocos : RHP David Froelich
|
|
Batting: LHB Mike Woodard
|
0-0: Ball 1-0: Ball 2-0: Swinging Strike 2-1: Called Strike 2-2: Foul Ball, location: 2F 2-2: Ball 3-2: Base on Balls
|
|
Batting: RHB Rafael Ramirez
|
0-0: Ball 1-0: Foul Ball, location: 2F 1-1: Ball 2-1: Reached via error on a dropped throw from 1B, E1 (Groundball, 3S, EV 92.5 MPH) Mike Woodard to second
|
|
Batting: RHB Mike A Marshall
|
0-0: Foul Ball, location: 2F 0-1: Called Strike 0-2: Ball 1-2: Strikes out looking
|
|
Batting: RHB Robert Gilles
|
0-0: Swinging Strike 0-1: Ball Mike Woodard steals 3rd base Rafael Ramirez to second 1-1: Ball 2-1: Swinging Strike 2-2: Strikes out swinging
|
|
Batting: SHB Kevin King
|
0-0: Ball 1-0: Ground out 4-3 (Groundball, 34D, EV 98.1 MPH)
|
| Top of the 6th over - 0 runs, 0 hits, 1 error, 2 left on base; San Juan 1 - Punta Cana 3 |
| BOTTOM OF THE 6TH |
|
Punta Cana Cocos batting - Pitching for San Juan Pitorros : RHP Lee Smith
|
|
Batting: RHB Jerry Poston
|
0-0: Foul Ball, location: 2F 0-1: Swinging Strike 0-2: Ball 1-2: Ball 2-2: Strikes out looking
|
|
Batting: LHB Daniel Smith
|
0-0: Ball 1-0: Foul Ball, location: 2F 1-1: Ball 2-1: Ball 3-1: Base on Balls
|
|
Pitching: RHP Mike Morgan
|
|
|
Batting: RHB Andreas Schardt
|
0-0: Grounds into double play, 6-4-3 (Groundball, 6, EV 90.6 MPH)
|
| Bottom of the 6th over - 0 runs, 0 hits, 0 errors, 0 left on base; San Juan 1 - Punta Cana 3 |
| TOP OF THE 7TH |
|
San Juan Pitorros batting - Pitching for Punta Cana Cocos : RHP David Froelich
|
|
Batting: RHB Brian Harper
|
0-0: Fly out, F7 (Line Drive, 7, EV 108.1 MPH)
|
|
Batting: RHB George Hinshaw
|
0-0: Called Strike 0-1: Ball 1-1: Swinging Strike 1-2: Foul Ball, location: 2F 1-2: Ground out 6-3 (Groundball, 6, EV 81.9 MPH)
|
|
Batting: RHB Chris Brown
|
0-0: Ball 1-0: Swinging Strike 1-1: Swinging Strike 1-2: Foul Ball, location: 2F 1-2: Foul Ball, location: 2F 1-2: Foul Ball, location: 2F 1-2: Ball 2-2: Strikes out swinging
|
| Top of the 7th over - 0 runs, 0 hits, 0 errors, 0 left on base; San Juan 1 - Punta Cana 3 |
| BOTTOM OF THE 7TH |
|
Punta Cana Cocos batting - Pitching for San Juan Pitorros : RHP Mike Morgan
|
|
Batting: RHB Douglas Stokke
|
0-0: Ball 1-0: Fly out, F9 (Flyball, 89XD, EV 95.0 MPH)
|
|
Batting: LHB Dan Murphy
|
0-0: Fly out, F7 (Flyball, 78D, EV 103.1 MPH)
|
|
Batting: RHB Ed Saavedra
|
0-0: Called Strike 0-1: Ground out 4-3 (Groundball, 4M, EV 85.6 MPH)
|
| Bottom of the 7th over - 0 runs, 0 hits, 0 errors, 0 left on base; San Juan 1 - Punta Cana 3 |
| TOP OF THE 8TH |
|
San Juan Pitorros batting - Pitching for Punta Cana Cocos : RHP David Froelich
|
|
Batting: LHB Alex Campos
|
0-0: Called Strike 0-1: Foul Ball, location: 2F 0-2: Strikes out swinging
|
|
Batting: LHB Mike Woodard
|
0-0: Ball 1-0: Foul Ball, location: 2F 1-1: Foul Ball, location: 2F 1-2: Ball 2-2: Foul Ball, location: 2F 2-2: Fly out, F9 (Flyball, 89D, EV 101.3 MPH)
|
|
Batting: RHB Rafael Ramirez
|
0-0: Called Strike 0-1: Fly out, F6 (Popup, 6, EV 68.1 MPH)
|
| Top of the 8th over - 0 runs, 0 hits, 0 errors, 0 left on base; San Juan 1 - Punta Cana 3 |
| BOTTOM OF THE 8TH |
|
Punta Cana Cocos batting - Pitching for San Juan Pitorros : RHP Mike Morgan
|
|
Batting: RHB Tom Tostenson
|
0-0: Called Strike 0-1: Ball 1-1: Ball 2-1: Foul Ball, location: 2F 2-2: Foul Ball, location: 2F 2-2: Ball 3-2: Fly out, F9 (Flyball, 89D, EV 102.5 MPH)
|
|
Batting: RHB Kevin Jacobson
|
0-0: Foul Ball, location: 2F 0-1: Ground out 2-3 (Groundball, 2L, EV 72.5 MPH)
|
|
Batting: LHB Dan Williams
|
0-0: Foul Ball, location: 2F 0-1: Ball 1-1: Ball 2-1: SINGLE (Groundball, 6D, EV 104.4 MPH)
|
|
Batting: RHB Jerry Poston
|
0-0: Ball 1-0: Foul Ball, location: 2F 1-1: Foul Ball, location: 2F 1-2: 2-RUN HOME RUN (Flyball, 7D, EV 110.6 MPH), Distance : 396 ft
|
|
Batting: LHB Daniel Smith
|
0-0: Called Strike 0-1: Ball 1-1: Foul Ball, location: 2F 1-2: Strikes out swinging
|
| Bottom of the 8th over - 2 runs, 2 hits, 0 errors, 0 left on base; San Juan 1 - Punta Cana 5 |
| TOP OF THE 9TH |
|
San Juan Pitorros batting - Pitching for Punta Cana Cocos : RHP David Froelich
|
|
Batting: RHB Mike A Marshall
|
0-0: SINGLE (Groundball, 4S, EV 77.5 MPH) (infield hit)
|
|
Batting: RHB Robert Gilles
|
0-0: Fly out, F9 (Flyball, 9, EV 80.0 MPH)
|
|
Batting: SHB Kevin King
|
0-0: Ball 1-0: Fly out, F8 (Flyball, 8LD, EV 91.3 MPH)
|
|
Batting: RHB Brian Harper
|
0-0: Swinging Strike 0-1: DOUBLE (Flyball, 7LD, EV 109.4 MPH) Mike A Marshall to third
|
|
Pitching: RHP Nicolas Decena
|
|
|
Batting: RHB George Hinshaw
|
0-0: Fly out, F9 (Flyball, 9LM, EV 86.3 MPH)
|
| Top of the 9th over - 0 runs, 2 hits, 0 errors, 2 left on base; San Juan 1 - Punta Cana 5 |
|